 Dungeon Crawl Stone Soup version 0.26.1-2-gb8aa6d0cf2 (webtiles) character file.

Game seed: 11501661290644540442

303 Chelianth the Covered (level 6, -3/55 HPs)
             Began as a Minotaur Fighter on Mar 5, 2021.
             Killed by nerve-wracking pain
             ... invoked by an orc priest
              (12 damage)
             ... on level 4 of the Dungeon.
             The game lasted 00:07:53 (3168 turns).

Chelianth the Covered (Minotaur Fighter)            Turns: 3168, Time: 00:07:54

Health: -3/55      AC:  7    Str: 23    XL:     6   Next: 15%
Magic:  5/5        EV:  8    Int:  5    God:
Gold:   253        SH: 15    Dex:  9    Spells: 5/5 levels left

rFire    . . .     SeeInvis .   v - +0 war axe
rCold    . . .     Faith    .   c - +0 kite shield
rNeg     . . .     Spirit   .   b - +0 scale mail
rPois    .         Reflect  +   (helmet restricted)
rElec    .         Harm     .   (no cloak)
rCorr    .         Rampage  .   (no gloves)
Will     .....                  (no boots)
Stlth    ..........             k - amulet of reflection
HPRegen  0.18/turn              (no ring)
MPRegen  0.09/turn              (no ring)

@: no status effects
A: retaliatory headbutt, horns 2
a: no special abilities


You were on level 4 of the Dungeon.
You visited 1 branch of the dungeon, and saw 4 of its levels.

You collected 253 gold pieces.

Inventory:

Hand Weapons
 a - a +0 war axe
 v - a +0 war axe (weapon)
Missiles
 f - 90 arrows
Armour
 b - a +0 scale mail (worn)
 c - a +0 kite shield (worn)
 m - a +0 ring mail
Jewellery
 k - an amulet of reflection (around neck)
 t - an uncursed ring of wizardry {unknown}
Scrolls
 e - 5 scrolls of remove curse
 g - a scroll of blinking {unknown}
 h - 6 scrolls of identify
 j - 3 scrolls of amnesia {unknown}
 l - 4 scrolls of teleportation
 p - a scroll of enchant weapon {unknown}
 r - a scroll of noise {unknown}
Potions
 d - 2 potions of might
 i - 2 potions of ambrosia
 n - 2 potions of degeneration {unknown}
 o - 3 potions of curing {unknown}
 q - a potion of heal wounds {unknown}
 s - 2 potions of mutation {unknown}
 u - 2 potions of flight {unknown}


   Skills:
 + Level 4.8 Fighting
 + Level 4.6 Axes
 + Level 5.6 Armour
 + Level 1.0 Dodging
 + Level 4.6 Shields


You had 5 spell levels left.
You didn't know any spells.
Your spell library contained the following spells:

 Spells                   Type           Power        Failure   Level
 Corona                   Hex            0%           99%         1
 Ensorcelled Hibernation  Hex/Ice        0%           100%        2
 Confusing Touch          Hex            0%           100%        3
 Dazzling Flash           Conj/Hex       0%           100%        3
 Tukima's Dance           Hex            0%           100%        3


Dungeon Overview and Level Annotations

Branches:
Dungeon (4/15)
 Temple: D:4-7

Altars:
Ashenzari
Cheibriados
Fedhas
Kikubaaqudgha
Yredelemnul


Innate Abilities, Weirdness & Mutations

You reflexively headbutt those who attack you in melee.
You have a pair of horns on your head.


Message History

The orc priest invokes the aid of Beogh against you.
Beogh smites you!
The orc priest mumbles some strange prayers to Beogh against you.
Beogh smites you!
* * * LOW HITPOINT WARNING * * *
You closely miss the orc. You headbutt the orc!
The orc is almost dead.
The orc hits you but does no damage. You block the orc's attack.
You slash the orc!
You kill the orc!
The orc priest barely misses you.
The orc priest looks satisfied for a moment.
Things that are here:
a +0 hand axe of flaming; a cursed -2 scale mail You hit the orc priest but do no damage.
The orc priest hits you with a +0 club.
* * * LOW HITPOINT WARNING * * *
The orc priest calls down the wrath of Beogh upon you.
Pain shoots through your body!
You die...

#..###....
##........
......(..##
..........##
..o........##
..o...o....o## ..
....###o...)o####
... ##+
######o...#####...
#.@..........
##...........
###.........
##........
##.........
###.........#
##..........#
#..........##
#..........#


You could see 3 orc priests.

Vanquished Creatures
  Blork the orc (D:4)
  An orc priest (D:3)
  A centaur skeleton (D:4)
  An orc wizard (D:3)
  Robin (D:3)
  2 adders (D:2)
  2 oozes
  A worm (D:2)
  6 dart slugs
  2 leopard geckos
  11 orcs
  A ball python (D:1)
  4 giant cockroaches
  15 goblins
  8 hobgoblins
  10 kobolds
  2 quokkas (D:3)
  6 bats
  3 frilled lizards
  8 rats
  A spectral orc (D:2)
87 creatures vanquished.

Vanquished Creatures (others)
  5 withered plants (D:2)
5 creatures vanquished.

Grand Total: 92 creatures vanquished

Notes
Turn   | Place    | Note
-------+----------+-------------------------------------------
     0 | D:1      | Chelianth the Minotaur Fighter began the quest for the Orb.
     0 | D:1      | Reached XP level 1. HP: 19/19 MP: 0/0
   132 | D:1      | Reached XP level 2. HP: 26/27 MP: 1/1
   515 | D:1      | Reached skill level 4 in Armour
   759 | D:2      | Reached XP level 3. HP: 33/33 MP: 2/2
  1120 | D:2      | Found a snail-covered altar of Cheibriados.
  1144 | D:2      | Found an ancient bone altar of Kikubaaqudgha.
  1146 | D:2      | Found a blossoming altar of Fedhas.
  1153 | D:2      | Reached XP level 4. HP: 31/40 MP: 3/3
  1591 | D:2      | Found a basalt altar of Yredelemnul.
  2067 | D:3      | Noticed Robin
  2103 | D:3      | Killed Robin
  2392 | D:3      | Found a broken altar of Ashenzari.
  2429 | D:3      | Reached XP level 5. HP: 26/46 MP: 4/4
  2437 | D:3      | Reached skill level 5 in Armour
  3014 | D:4      | Noticed Blork the orc
  3020 | D:4      | Killed Blork the orc
  3021 | D:4      | Reached skill level 1 in Dodging
  3021 | D:4      | Reached XP level 6. HP: 43/55 MP: 5/5
  3168 | D:4      | Killed from afar by an orc priest

Illustrated notes

Levels and vault maps discovered:
D:1:      minmay_arrival_loop, layout_basic
D:2:      layout_loops_ring, grunt_temple_overflow_growth_and_decay,
          yredelemnul_forgotten_temple_becter, kennysheep_slug_shrine
D:3:      layout_basic, ashenzari_conservatory_becter,
          chequers_serial_rivers_micro_c, uniq_robin
D:4:      layout_layer_cave, tgw_xom, overflow_temple_1_default, serial_shops,
          shop, portal_sewer_entry_c, kennysheep_donut,
          chequers_serial_rivers_room_a, kennysheep_dice, uniq_sigmund,
          uniq_blork_the_orc

Skill      XL: |  1  2  3  4  5 |
---------------+----------------+-----
Fighting       | 4 |  4.8
Armour         | 4 5 |  5.6
Shields        | 4 |  4.6
Axes           | 3 4 |  4.6
Dodging        | 1 |  1.0

Action                   |  1- 3 |  4- 6 || total
-------------------------+-------+-------++-------
Melee: War axe           |    95 |   105 ||   200
       Headbutt          |    13 |    24 ||    37
  Use: Scroll            |       |     3 ||     3
Armor: Scale mail        |    43 |    33 ||    76
Dodge: Dodged            |    31 |    16 ||    47
Block: Kite shield       |    49 |    68 ||   117
